AoeStats
← 5coinz

Arabia

510212393Analyzed
1v1 RM · 1d ago on Sep 30, 2026· 50m 47s· 2 players
Game mode
Random Map
Map size
Tiny (2 player)
Population
200
Speed
Normal
Resources
Standard
Victory
Conquest
Starting age
Dark Age
Ending age
Imperial Age
RankedLock teamsTeams togetherTeam positionsShared explorationLock speedFull tech treeHidden civsTurbo modeCheats
Victory
Defeat
🇨🇷 Persians · Costa Rica
569
+15
🇧🇬 Bulgarians · Bulgaria
554
-15
5coinz
10:27 Feudal Age
12:31 Wheelbarrow
13:10 Double-Bit Axe
19:27 Bloodlines
20:54 Forging
22:57 Scale Barding Armor
24:32 Bloodlines
26:58 Castle Age
25:09 Padded Archer Armor
29:01 Hand Cart
29:00 Thumb Ring
30:02 Chain Barding Armor
30:58 Light Cavalry
35:49 Husbandry
39:10 Bow Saw
38:47 Horse Collar
45:58 Imperial Age
rudyf
5:52 Loom
10:08 Feudal Age
10:36 Double-Bit Axe
19:58 Castle Age
18:48 Padded Archer Armor
18:39 Fletching
22:31 Crossbowman
23:16 Thumb Ring
25:45 Pikeman
27:55 Bodkin Arrow
29:53 Squires
34:25 Kamandaran
35:59 Leather Archer Armor
41:02 Ballistics
45:05 Imperial Age
46:01 Ring Archer Armor
Connection lost

Rejoining the realm…

Still unreachable

The connection could not be restored.

Session expired

The server has moved on; the page needs a fresh start.